 Dungeon Crawl Stone Soup version 0.31.0-11-ge490571c62 (webtiles) character file.

Game seed: 5616057691771947073

71 Gadfly the Ruffian (level 4, -1/32 HPs)
             Began as a Demonspawn Shapeshifter on Jan 27, 2024.
             Slain by Robin
             ... wielding a +0 short sword
              (3 damage)
             ... on level 2 of the Dungeon.
             The game lasted 00:02:05 (1550 turns).

Gadfly the Ruffian (Demonspawn Shapeshifter)        Turns: 1550, Time: 00:02:05

Health: -1/32      AC:  2    Str: 17    XL:     4   Next: 5%
Magic:  4/4        EV: 14    Int: 10    God:
Gold:   97         SH:  0    Dex: 12    Spells: 3/3 levels left

rFire   . .          .
                       - Unarmed
rCold   . . .        (no shield)
rNeg    . . .        a - +0 animal skin
rPois   .            (helmet currently unavailable)
rElec   .            (cloak currently unavailable)
rCorr   .            (gloves currently unavailable)
SInv    .            (boots currently unavailable)
Will    .....        (no amulet)
Stlth   +            (no ring)
HPRegen 0.25/turn    (no ring)
MPRegen 0.09/turn

%: no passive effects
@: beast-form
A: beast (slay +1), hooves 1, repulsion field 1
a: Begin Untransformation


You were on level 2 of the Dungeon.
You were a hulking beast.
You visited 1 branch of the dungeon, and saw 3 of its levels.

You collected 121 gold pieces.
You spent 24 gold pieces at shops.

Inventory:

Armour
 a - a +0 animal skin (worn)
Talismans
 c - a beast talisman
 d - a flux talisman
Scrolls
 e - a scroll of identify
Potions
 b - a potion of lignification
 f - a potion of berserk rage


   Skills:
 + Level 1.6 Fighting
 * Level 2.5 Dodging
 + Level 3.0 Unarmed Combat
 * Level 1.7 Evocations
 + Level 3.0 Shapeshifting


You had 3 spell levels left.
You didn't know any spells.
Your spell library contained the following spells:

 Spells                   Type           Power      Damage    Failure   Level
 Ensorcelled Hibernation  Hex/Ice        0%         N/A       50%         2
 Fugue of the Fallen      Necr           0%         N/A       75%         3
 Anguish                  Hex/Necr       0%         N/A       98%         4


Dungeon Overview and Level Annotations

Branches:
Dungeon (3/15)

Altars:

Shops:
D:1 ?

Annotations:
D:2 Robin


Innate Abilities, Weirdness & Mutations

You are a hulking beast.
Your limbs bulge with bestial killing power. (Slay +1)
You have large cloven feet.
You are surrounded by a mild repulsion field. (EV +2)


Message History

Robin throws the goblin at you!
The goblin unwields a +0 club.
The goblin wields a +0 sling.
The goblin shoots a sling bullet.
The sling bullet hits you. The goblin barely misses you.
There is an open door, spattered with blood here.
Things that are here:
a +0 club; a +0 dagger; a goblin corpse You completely miss the goblin.
Your kick misses the goblin. The goblin hits you with a +0 dagger.
The goblin shoots a sling bullet.
The sling bullet barely misses you.
You barely miss the goblin. Your kick misses the goblin. You punch the goblin.
The goblin is moderately wounded.
The goblin barely misses you.
You hit the goblin but do no damage.
The goblin is moderately wounded.
Robin hits you with a +0 short sword. The goblin hits you with a +0 dagger.
The goblin unwields a +0 sling.
The goblin wields a +0 club.
The goblin hits you but does no damage.
You closely miss the goblin. You kick the goblin.
The goblin is severely wounded.
The goblin hits you but does no damage.
You hit the goblin.
You kill the goblin!
The goblin hits you with a +0 club.
* * * LOW HITPOINT WARNING * * *
Robin throws the goblin at you!
* * * LOW HITPOINT WARNING * * *
Your Shapeshifting skill increases to level 3!
You barely miss the goblin. You kick the goblin.
You kill the goblin!
Robin attacks as they pursue you! Robin hits you with a +0 short sword.
* * * LOW HITPOINT WARNING * * *
Items here: ))) †.
You closely miss Robin. You kick Robin.
Robin is lightly wounded.
Robin closely misses you.
You hit Robin.
Robin is lightly wounded.
Robin hits you with a +0 short sword.
You die...
Robin lets out a smug laugh.

....# #..........#..)). #####
#................ ....#
##.##........#### ###.#
###.##.........# # [.#.#
##########....##........# #
#.#.###........#..............###
......#....)...#.....#.(..#......
..#........>...###'#.#....#......
.>...#.....)...gh..#.......###...
.#####.........#######.....# #...
...............# ########.# #...
.######........# #........# ####
.# #...###.##### #.#####..#
.###.#.# #.########.#...#..#
.....#.# #.##.......#.#.#..#
###..#.# #.###.######.#....###
.....#.###.....# ##.###....####


You could see Robin.

Vanquished Creatures
  2 adders (D:2)
  2 dart slugs
  3 ball pythons
  3 endoplasms
  4 giant cockroaches
  10 goblins
  3 hobgoblins
  A quokka (D:2)
  4 bats
  2 frilled lizards (D:1)
  6 kobolds
  4 rats (D:1)
44 creatures vanquished.

Notes
Turn   | Place    | Note
-------+----------+-------------------------------------------
     0 | D:1      | Gadfly the Demonspawn Shapeshifter began the quest for the
                  | Orb.
     0 | D:1      | Reached XP level 1. HP: 15/15 MP: 1/1
   182 | D:1      | Gained mutation: You have large cloven feet. [demonic
                  | ancestry]
   182 | D:1      | Reached XP level 2. HP: 18/21 MP: 2/2
   374 | D:1      | Reached skill level 1 in Evocations
   378 | D:1      | Found Neasm's Magic Scroll Boutique.
   387 | D:1      | Bought a scroll of identify for 24 gold pieces
   797 | D:2      | Gained mutation: You are surrounded by a mild repulsion
                  | field. (EV +2) [demonic ancestry]
   797 | D:2      | Reached XP level 3. HP: 25/26 MP: 3/3
  1378 | D:3      | Noticed Robin
  1390 | D:2      | HP: 1/26 [goblin/+0 dagger[Robin] (6)]
  1504 | D:2      | Reached XP level 4. HP: 25/32 MP: 4/4
  1550 | D:2      | Slain by Robin

Illustrated notes

Levels and vault maps discovered:
D:1:      lightli_arrival_windingriver, layout_loops_ring, serial_shops,
          nicolae_shop_tiny_real_fake_doors, minmay_misc_feat_x
D:2:      layout_basic
D:3:      minmay_door_path, layout_basic, serial_shops,
          nicolae_shop_tiny_statue_garden, nicolae_shop_real_fake_doors,
          nicolae_shop_tiny_glass, uniq_natasha, uniq_sigmund, uniq_robin

Skill      XL: |  1  2  3  4 |
---------------+-------------+-----
Dodging        | 2 |  2.5
Evocations     | 1 |  1.7
Unarmed Combat | 3 |  3.0
Shapeshifting  | 3 |  3.0
Fighting       | |  1.6

Action                     |  1- 3 |  4- 6 || total
---------------------------+-------+-------++-------
  Melee: Unarmed           |   100 |    13 ||   113
         Kick              |    13 |     4 ||    17
         Punch             |       |     1 ||     1
    Use: Scroll            |     4 |       ||     4
 Armour: Animal skin       |    63 |    17 ||    80
  Dodge: Dodged            |    62 |    10 ||    72
